MLB
BALTIMORE ORIOLES @ SAN DIEGO PADRES
08/22/2098
 
TOP OF THE 1ST
Baltimore Orioles batting - Pitching for San Diego Padres : LHP Robert Bartos
Pitching: LHP Robert Bartos
Batting: LHB Jeremy Marshall 0-0: Called Strike
0-1: Ball
1-1: Swinging Strike
1-2: Foul Ball, location: 3FF
1-2: Ball
2-2: Strikes out swinging
Batting: LHB Jerry Peterson 0-0: Ground out U3 (Groundball, 3, EV 110.0 MPH)
Batting: RHB Eduardo Lopez 0-0: Ball
1-0: Called Strike
1-1: Foul Ball, location: 9LMF
1-2: Ball
2-2: Ball
3-2: Strikes out swinging
Top of the 1st over - 0 runs, 0 hits, 0 errors, 0 left on base; Baltimore 0 - San Diego 0
BOTTOM OF THE 1ST
San Diego Padres batting - Pitching for Baltimore Orioles : RHP Jarrett Lazarony
Pitching: RHP Jarrett Lazarony
Batting: LHB Eric Schoonover 0-0: Called Strike
0-1: Swinging Strike
0-2: Ball
1-2: Foul Ball, location: 2F
1-2: Foul Ball, location: 7LMF
1-2: Ball
2-2: Foul Ball, location: 2F
2-2: Foul Ball, location: 2F
2-2: Ground out 4-3 (Groundball, 4, EV 85.0 MPH)
Batting: RHB Maxwell Judson 0-0: Ball
1-0: Ball
2-0: Called Strike
2-1: Swinging Strike
2-2: Ball
3-2: Fly out, F9 (Flyball, 89D, EV 97.5 MPH)
Batting: RHB Jose Barillas 0-0: DOUBLE (Line Drive, 7LS, EV 104.4 MPH)
Batting: RHB Tony Woody 0-0: Called Strike
0-1: Ball
1-1: Ball
2-1: Ball
3-1: Called Strike
3-2: Ground out 5-3 (Groundball, 56, EV 84.4 MPH)
Bottom of the 1st over - 0 runs, 1 hit, 0 errors, 1 left on base; Baltimore 0 - San Diego 0
TOP OF THE 2ND
Baltimore Orioles batting - Pitching for San Diego Padres : LHP Robert Bartos
Batting: RHB Jonathan Skye 0-0: Called Strike
0-1: Called Strike
0-2: Ball
1-2: Foul Ball, location: 9LMF
1-2: Strikes out swinging
Batting: LHB Kenny West 0-0: Foul Ball, location: 7LDF
0-1: Foul Ball, location: 2F
0-2: Foul Ball, location: 5F
0-2: Ball
1-2: Ball
2-2: Fly out, F9 (Flyball, 89D, EV 84.4 MPH)
Batting: LHB Nate Wagner 0-0: Ball
1-0: Called Strike
1-1: Ball
2-1: Foul Ball, location: 3F
2-2: Foul Ball, location: 2F
2-2: SINGLE (Groundball, 34D, EV 103.1 MPH)
Batting: RHB Travis Darling 0-0: Called Strike
0-1: SINGLE (Groundball, 4MS, EV 68.1 MPH) (infield hit)
Nate Wagner to second
Batting: RHB Danny Haner 0-0: Ball
1-0: Called Strike
1-1: Ball
2-1: Ground out 1-3 (Groundball, 15S, EV 75.0 MPH)
Top of the 2nd over - 0 runs, 2 hits, 0 errors, 2 left on base; Baltimore 0 - San Diego 0
BOTTOM OF THE 2ND
San Diego Padres batting - Pitching for Baltimore Orioles : RHP Jarrett Lazarony
Batting: RHB Chris Santos 0-0: Called Strike
0-1: Called Strike
0-2: Strikes out looking
Batting: RHB Anibal Araldes 0-0: Ground out 4-3 (Groundball, 4S, EV 79.4 MPH)
Batting: LHB Jamie Wortman 0-0: Called Strike
0-1: Ball
1-1: Ball
2-1: Ball
3-1: Swinging Strike
3-2: Foul Ball, location: 9LSF
3-2: Fly out, F6 (Flyball, 6MD, EV 90.6 MPH)
Bottom of the 2nd over - 0 runs, 0 hits, 0 errors, 0 left on base; Baltimore 0 - San Diego 0
TOP OF THE 3RD
Baltimore Orioles batting - Pitching for San Diego Padres : LHP Robert Bartos
Batting: RHB Ed Pollock 0-0: Ground out 1-3 (Groundball, 13, EV 75.0 MPH)
Pitching: RHP Ben Memon
Batting: LHB Jeremy Marshall 0-0: Ball
1-0: Ball
2-0: Called Strike
2-1: Ball
3-1: Fly out, F8 (Flyball, 89S, EV 81.9 MPH)
Batting: LHB Jerry Peterson 0-0: Called Strike
0-1: Ball
1-1: Ball
2-1: Foul Ball, location: 23F
2-2: Strikes out looking
Top of the 3rd over - 0 runs, 0 hits, 0 errors, 0 left on base; Baltimore 0 - San Diego 0
BOTTOM OF THE 3RD
San Diego Padres batting - Pitching for Baltimore Orioles : RHP Jarrett Lazarony
Batting: LHB R.J. Correll 0-0: SOLO HOME RUN (Flyball, 7D, EV 96.3 MPH), Distance : 380 ft
Batting: RHB Alfredo Beltran 0-0: Fly out, F8 (Flyball, 8LS, EV 100.0 MPH)
Batting: LHB Eric Schoonover 0-0: Called Strike
0-1: Ball
1-1: Called Strike
1-2: Ground out 6-3 (Groundball, 6, EV 91.3 MPH)
Batting: RHB Maxwell Judson 0-0: Swinging Strike
0-1: Fly out, F7 (Flyball, 7, EV 87.5 MPH)
Bottom of the 3rd over - 1 run, 1 hit, 0 errors, 0 left on base; Baltimore 0 - San Diego 1
TOP OF THE 4TH
Baltimore Orioles batting - Pitching for San Diego Padres : RHP Ben Memon
Batting: RHB Eduardo Lopez 0-0: Ball
1-0: Ball
2-0: Foul Ball, location: 2F
2-1: Fly out, F9 (Flyball, 9, EV 86.3 MPH)
Batting: RHB Jonathan Skye 0-0: Swinging Strike
0-1: Ball
1-1: Swinging Strike
1-2: Strikes out swinging, 2-3 out at first.
Batting: LHB Kenny West 0-0: Fly out, F9 (Line Drive, 9S, EV 92.5 MPH)
Top of the 4th over - 0 runs, 0 hits, 0 errors, 0 left on base; Baltimore 0 - San Diego 1
BOTTOM OF THE 4TH
San Diego Padres batting - Pitching for Baltimore Orioles : RHP Jarrett Lazarony
Batting: RHB Jose Barillas 0-0: Called Strike
0-1: Ball
1-1: Foul Ball, location: 2F
1-2: Foul Ball, location: 7LSF
1-2: Strikes out swinging
Batting: RHB Tony Woody 0-0: Called Strike
0-1: Ball
1-1: Swinging Strike
1-2: SOLO HOME RUN (Flyball, 78XD, EV 104.4 MPH), Distance : 404 ft
Batting: RHB Chris Santos 0-0: Ball
1-0: Fly out, F7 (Flyball, 7LM, EV 91.9 MPH)
Batting: RHB Anibal Araldes 0-0: Called Strike
0-1: SINGLE (Flyball, 5D, EV 105.6 MPH)
Batting: LHB Jamie Wortman 0-0: Ball
1-0: Fly out, F6 (Popup, 4MD, EV 62.5 MPH)
Bottom of the 4th over - 1 run, 2 hits, 0 errors, 1 left on base; Baltimore 0 - San Diego 2
TOP OF THE 5TH
Baltimore Orioles batting - Pitching for San Diego Padres : RHP Ben Memon
Batting: LHB Nate Wagner 0-0: Ball
1-0: Ball
2-0: Called Strike
2-1: Ball
3-1: Foul Ball, location: 9LSF
3-2: Ground out U3 (Groundball, 34S, EV 71.3 MPH)
Batting: RHB Travis Darling 0-0: Foul Ball, location: 5DF
0-1: Ball
1-1: Swinging Strike
1-2: Strikes out swinging
Batting: RHB Danny Haner 0-0: Ball
1-0: Foul Ball, location: 25FF
1-1: Called Strike
1-2: Ball
2-2: Strikes out looking
Top of the 5th over - 0 runs, 0 hits, 0 errors, 0 left on base; Baltimore 0 - San Diego 2
BOTTOM OF THE 5TH
San Diego Padres batting - Pitching for Baltimore Orioles : RHP Jarrett Lazarony
Batting: LHB R.J. Correll 0-0: Called Strike
0-1: Fly out, F4 (Popup, 34D, EV 70.6 MPH)
Batting: RHB Alfredo Beltran 0-0: Ball
1-0: DOUBLE (Flyball, 78XD, EV 109.4 MPH)
Batting: LHB Eric Schoonover 0-0: SINGLE (Line Drive, 7S, EV 99.4 MPH)
Alfredo Beltran to third
Batting: RHB Maxwell Judson 0-0: Ball
1-0: Foul Ball, location: 25F
1-1: Swinging Strike
1-2: Ball
2-2: Foul Ball, location: 5F
2-2: Ball
3-2: Fly out, F7 (Flyball, 7D, EV 107.5 MPH)
Runner from 3rd tags up, SCORES, throw by LF
Batting: RHB Jose Barillas 0-0: Called Strike
0-1: Ball
1-1: Foul Ball, location: 9LMF
1-2: Ball
2-2: Strikes out swinging
Bottom of the 5th over - 1 run, 2 hits, 0 errors, 1 left on base; Baltimore 0 - San Diego 3
TOP OF THE 6TH
Baltimore Orioles batting - Pitching for San Diego Padres : RHP Ben Memon
Batting: RHB Ed Pollock 0-0: Ball
1-0: Called Strike
1-1: Ball
2-1: Called Strike
2-2: SINGLE (Line Drive, 7LS, EV 94.4 MPH)
Pitching: RHP George Hulings
Batting: LHB Jeremy Marshall 0-0: Ball
1-0: Called Strike
1-1: TRIPLE (Line Drive, 8LXD, EV 105.6 MPH)
Ed Pollock scores
Batting: LHB Jerry Peterson 0-0: Foul Ball, location: 7LSFF
0-1: Called Strike
0-2: Fielders Choice attempt at home, Runner SAFE. 3-2 (Groundball, 34, EV 81.3 MPH)
Batting: RHB Eduardo Lopez 0-0: Swinging Strike
0-1: Called Strike
0-2: Ball
1-2: Strikes out swinging
Batting: RHB Jonathan Skye 0-0: Ball
1-0: Foul Ball, location: 2F
1-1: Swinging Strike
1-2: Ball
2-2: Strikes out swinging
Pitching: LHP Juan Robles
Batting: LHB Kenny West 0-0: Ball
1-0: Swinging Strike
1-1: Foul Ball, location: 3F
1-2: Fly out, F3 (Popup, 3, EV 67.5 MPH)
Top of the 6th over - 2 runs, 2 hits, 0 errors, 1 left on base; Baltimore 2 - San Diego 3
BOTTOM OF THE 6TH
San Diego Padres batting - Pitching for Baltimore Orioles : RHP Jarrett Lazarony
Batting: RHB Tony Woody 0-0: Ball
1-0: Swinging Strike
1-1: Called Strike
1-2: Fly out, F8 (Flyball, 8LM, EV 78.1 MPH)
Batting: RHB Chris Santos 0-0: Foul Ball, location: 5DF
0-1: Ball
1-1: Called Strike
1-2: Ball
2-2: Ball
3-2: Fly out, F7 (Flyball, 78S, EV 91.3 MPH)
Batting: RHB Anibal Araldes 0-0: Called Strike
0-1: Ball
1-1: Swinging Strike
1-2: Fly out, F5 (Flyball, 56D, EV 95.0 MPH)
Bottom of the 6th over - 0 runs, 0 hits, 0 errors, 0 left on base; Baltimore 2 - San Diego 3
TOP OF THE 7TH
Baltimore Orioles batting - Pitching for San Diego Padres : LHP Juan Robles
Pitching: LHP Seth Oltmans
Batting: LHB Nate Wagner 0-0: Foul Ball, location: 7LSF
0-1: Swinging Strike
0-2: Ball
1-2: Ball
2-2: Strikes out swinging
Batting: RHB Travis Darling 0-0: Called Strike
0-1: SOLO HOME RUN (Flyball, 78XD, EV 104.4 MPH), Distance : 400 ft
Batting: RHB Danny Haner 0-0: Foul Ball, location: 5F
0-1: Ground out 6-3 (Groundball, 6M, EV 103.1 MPH)
Batting: RHB Ed Pollock 0-0: Ground out 6-3 (Groundball, 6, EV 91.9 MPH)
Top of the 7th over - 1 run, 1 hit, 0 errors, 0 left on base; Baltimore 3 - San Diego 3
BOTTOM OF THE 7TH
San Diego Padres batting - Pitching for Baltimore Orioles : RHP Jarrett Lazarony
Batting: LHB Jamie Wortman 0-0: Ball
1-0: Ball
2-0: Reached on error, E1 (Groundball, 15S, EV 61.9 MPH)
Batting: LHB R.J. Correll 0-0: Foul Ball, location: 3F
0-1: SINGLE (Groundball, 6M, EV 105.0 MPH)
Jamie Wortman to second
Pitching: RHP Roger Diaz
Batting: RHB Alfredo Beltran 0-0: Called Strike
0-1: DOUBLE (Line Drive, 9LS, EV 110.0 MPH)
Jamie Wortman scores
R.J. Correll to third
Pinch Runner at 2nd Jason Borden:
Batting: LHB Eric Schoonover 0-0: Ball
1-0: Swinging Strike
1-1: Swinging Strike
1-2: Strikes out swinging
Batting: RHB Maxwell Judson 0-0: Fly out, F9 (Flyball, 89S, EV 86.3 MPH)
Batting: RHB Jose Barillas 0-0: Ball
1-0: Called Strike
1-1: Ball
2-1: Ball
3-1: Called Strike
3-2: Foul Ball, location: 5F
3-2: Base on Balls
Batting: RHB Tony Woody 0-0: Ball
1-0: Ball
2-0: Called Strike
2-1: Foul Ball, location: 25F
2-2: Foul Ball, location: 23F
2-2: Strikes out swinging
Bottom of the 7th over - 1 run, 2 hits, 1 error, 3 left on base; Baltimore 3 - San Diego 4
TOP OF THE 8TH
Baltimore Orioles batting - Pitching for San Diego Padres : LHP Seth Oltmans
Now at 2B: Bill Carlisle
Pinch Hitting: RHB Lee Board 0-0: Called Strike
0-1: Swinging Strike
0-2: Foul Ball, location: 2F
0-2: Ball
1-2: SOLO HOME RUN (Flyball, 9LD, EV 94.4 MPH), Distance : 352 ft
Batting: LHB Jerry Peterson 0-0: Ball
1-0: Ball
2-0: Foul Ball, location: 5FF
2-1: Foul Ball, location: 5SF
2-2: Ball
3-2: Fly out, F3 (Line Drive, 3, EV 66.9 MPH)
Batting: RHB Eduardo Lopez 0-0: Called Strike
0-1: Ball
1-1: Ball
2-1: Fly out, F7 (Flyball, 78M, EV 81.3 MPH)
Pitching: RHP Dan Ketterer
Batting: RHB Jonathan Skye 0-0: Called Strike
0-1: Ball
1-1: Ball
2-1: Reached via error on a dropped throw from P, E3 (Groundball, 34S, EV 71.3 MPH)
Batting: LHB Kenny West 0-0: Ball
1-0: Foul Ball, location: 2F
1-1: Swinging Strike
1-2: Ball
2-2: Ball
3-2: Base on Balls
Jonathan Skye to second
Batting: LHB Nate Wagner 0-0: Ball
1-0: Called Strike
1-1: Ball
2-1: Foul Ball, location: 3FF
2-2: Strikes out swinging
Top of the 8th over - 1 run, 1 hit, 1 error, 2 left on base; Baltimore 4 - San Diego 4
BOTTOM OF THE 8TH
San Diego Padres batting - Pitching for Baltimore Orioles : RHP Roger Diaz
Now in LF: Rafael Garza
Now in CF: Danny Haner
Batting: RHB Chris Santos 0-0: Ball
1-0: Called Strike
1-1: Called Strike
1-2: Ball
2-2: Ball
3-2: Foul Ball, location: 3FF
3-2: Base on Balls
Batting: RHB Anibal Araldes 0-0: Called Strike
0-1: Foul Ball, location: 3F
0-2: Ball
1-2: Foul Ball, location: 3FF
1-2: Ball
2-2: Foul Ball, location: 9LSF
2-2: Strikes out looking
Pitching: LHP Jonathan Wells
Batting: LHB Jamie Wortman 0-0: Called Strike
0-1: Foul Ball, location: 2F
0-2: Ball
1-2: Grounds into double play, 4-6-3 (Groundball, 34D, EV 107.5 MPH)
Bottom of the 8th over - 0 runs, 0 hits, 0 errors, 0 left on base; Baltimore 4 - San Diego 4
TOP OF THE 9TH
Baltimore Orioles batting - Pitching for San Diego Padres : RHP Dan Ketterer
Pinch Hitting: LHB Dave Schwabe 0-0: Called Strike
0-1: Fly out, F9 (Flyball, 9S, EV 97.5 MPH)
Batting: RHB Danny Haner 0-0: Called Strike
0-1: Ball
1-1: Fly out, F3 (Popup, 23F, EV 91.9 MPH)
Batting: RHB Ed Pollock 0-0: SINGLE (Line Drive, 89S, EV 90.0 MPH)
Batting: SHB Rafael Garza 0-0: Ball
Ed Pollock is caught stealing 2nd base 2-6
Top of the 9th over - 0 runs, 1 hit, 0 errors, 0 left on base; Baltimore 4 - San Diego 4
BOTTOM OF THE 9TH
San Diego Padres batting - Pitching for Baltimore Orioles : LHP Jonathan Wells
Now in LF: Victor Rojas
Now in RF: Rafael Garza
Pinch Hitting: RHB Avery Thomas 0-0: Ball
1-0: DOUBLE (Line Drive, 7LS, EV 102.5 MPH)
Batting: RHB Bill Carlisle 0-0: Ball
1-0: Swinging Strike
1-1: Fly out, F9 (Flyball, 9D, EV 108.8 MPH)
Runner from 2nd tags up, SAFE at 3rd, no throw by RF
Batting: LHB Eric Schoonover 0-0: Ball
1-0: Ball
2-0: Fly out, F7 (Flyball, 78D, EV 98.8 MPH)
Runner from 3rd tags up, SCORES, throw by LF
Bottom of the 9th over - 1 run, 1 hit, 0 errors, 0 left on base; Baltimore 4 - San Diego 5
Saturday, April 13th , 2024 - OOTP Baseball 24.11 Build 85